 Dungeon Crawl Stone Soup version 0.28.0-53-g5a82cb258f (webtiles) character file.

Game seed: 11724332940774583358

55 Peloso the Shield-Bearer (level 3, -5/33 HPs)
             Began as a Minotaur Fighter on July 27, 2022.
             Slain by Sigmund
             ... wielding a +0 scythe
              (9 damage)
             ... on level 2 of the Dungeon.
             The game lasted 00:02:21 (1536 turns).

Peloso the Shield-Bearer (Minotaur Fighter)         Turns: 1536, Time: 00:02:21

Health: -5/33      AC:  7    Str: 20    XL:     3   Next: 67%
Magic:  2/2        EV:  9    Int:  5    God:
Gold:   78         SH:  0    Dex: 11    Spells: 2/2 levels left

rFire   . . .      SeeInvis .   a - +0 long sword
rCold   . . .      Faith    .   c - +0 buckler
rNeg    . . .      Spirit   .   b - +0 scale mail
rPois   .          Reflect  .   (helmet restricted)
rElec   .          Harm     .   (no cloak)
rCorr   .          Rampage  .   (no gloves)
Will    .....                   (no boots)
Stlth   ..........              (no amulet)
HPRegen 0.11/turn               (no ring)
MPRegen 0.08/turn               (no ring)

@: confused
A: horns 2, retaliatory headbutt
a: no special abilities


You were on level 2 of the Dungeon.
You visited 1 branch of the dungeon, and saw 2 of its levels.

You collected 78 gold pieces.

Inventory:

Hand Weapons
 a - a +0 long sword (weapon)
Armour
 b - a +0 scale mail (worn)
 c - a +0 buckler (worn)
Jewellery
 i - a ring of protection from fire
Scrolls
 e - a scroll of fog {unknown}
 g - 6 scrolls of identify {unknown}
 j - a scroll of fear {unknown}
 k - a scroll of summoning {unknown}
 l - a scroll of teleportation {unknown}
 m - a scroll of noise {unknown}
Potions
 d - a potion of might
 f - a potion of heal wounds {unknown}
 h - 2 potions of curing {unknown}


   Skills:
 + Level 4.1 Fighting
 + Level 3.7 Long Blades
 + Level 3.8 Armour
 + Level 0.3 Dodging
 + Level 4.2 Shields


You had 2 spell levels left.
You didn't know any spells.
Your spell library was empty.

Dungeon Overview and Level Annotations

Branches:
Dungeon (2/15)

Altars:

Annotations:
D:2 Sigmund


Innate Abilities, Weirdness & Mutations

You have a pair of horns on your head.
You reflexively headbutt those who attack you in melee.


Message History

You kill the kobold!
Items here: ( )) †.
Found 15 stones.
You see here 15 stones.
Items here: ( )) †.
You see here a +0 whip.
There is a stone staircase leading down here.
There is an open door here.
Things that are here:
a +0 club; a goblin skeleton
There is an open door here.
Key pressed, stopping explore.
Sigmund the Dreaded comes into view.
He is wielding a +0 scythe.
Sigmund shouts!
Sigmund points at you and mumbles some strange words.
You are confused.
Sigmund casts a spell at you. The magic dart hits you.
You bump into the rock wall.
You bump into the rock wall.
Sigmund gestures wildly while chanting.
Sigmund flickers and vanishes!
Deactivating autopickup; reactivate with Ctrl-A.
You bump into the rock wall.
You bump into the rock wall.
A puff of flame appears from out of thin air!
The puff of flame hits you.
You feel less confused. Something hits you but does no damage.
Something hits you. Something hits you but does no damage.
You barely miss something. You headbutt something.
You hear some strange, mumbled words.
You are confused.
You closely miss something. Your headbutt misses something. Something hits you!
You miss something. Your headbutt misses something. Something hits you.
* * * LOW HITPOINT WARNING * * *
You bump into the rock wall.
You closely miss something. Something hits you!
You die...

....########.##########
....^.##............
#####.##.###.#############
.##.###.#.#.........#
#....#.#.#.#######.#
#......#...........#
#.#......#.#########
#.######.#.# #........#@#
##########{# #.########
#......... ##########


There were no monsters in sight!

Vanquished Creatures
  An adder (D:2)
  4 dart slugs (D:1)
  2 endoplasms
  2 giant cockroaches (D:1)
  4 goblins
  2 jackals (D:1)
  2 quokkas (D:1)
  4 ball pythons (D:1)
  4 bats
  A frilled lizard (D:2)
  7 kobolds
  3 rats (D:1)
  A spectral goblin (D:1)
37 creatures vanquished.

Notes
Turn   | Place    | Note
-------+----------+-------------------------------------------
     0 | D:1      | Peloso the Minotaur Fighter began the quest for the Orb.
     0 | D:1      | Reached XP level 1. HP: 19/19 MP: 0/0
   156 | D:1      | Reached XP level 2. HP: 24/27 MP: 1/1
   209 | D:1      | Found a faded altar of an unknown god.
   558 | D:1      | Reached XP level 3. HP: 33/33 MP: 2/2
  1516 | D:2      | Noticed Sigmund
  1536 | D:2      | Slain by Sigmund

Illustrated notes

Levels and vault maps discovered:
D:1:      ncdulo_wetmaze, layout_rooms,
          dreamdust_ecumenical_altar_drowned_temple, roderic_serpentine_path
D:2:      layout_basic, uniq_sigmund

Skill      XL: |  1  2 |
---------------+-------+-----
Shields        | 4 |  4.2
Long Blades    | 3 |  3.7
Fighting       | 4 |  4.1
Armour         | |  3.8
Dodging        | |  0.3

Action                   || total
-------------------------++-------
Melee: Long sword        ||    89
       Headbutt          ||     6
Armor: Scale mail        ||    52
Dodge: Dodged            ||    38
Block: Buckler           ||    24
